 Dungeon Crawl Stone Soup version 0.27-a0-1137-g3ef0f4ec91 (webtiles) character file.

Game seed: 9287887334270903743

2689 kae the Schismatic (level 9, 0/71 HPs)
             Began as a Demonspawn Abyssal Knight on May 6, 2021.
             Was an Elder of Lugonu.
             Slain by a wyvern (2 damage)
             ... on level 8 of the Dungeon.
             The game lasted 00:05:35 (9334 turns).

kae the Schismatic (Demonspawn Abyssal Knight)      Turns: 9334, Time: 00:05:35

Health: 0/71       AC: 11    Str: 14 (16) XL:     9   Next: 38%
Magic:  0/17       EV: 12    Int: 12 (13) God:    Lugonu [****..]
Gold:   259        SH:  0    Dex: 12 (13) Spells: 8/8 levels left

rFire    + . .     SeeInvis .   a - +2 falchion
rCold    + . .     Faith    .   (no shield)
rNeg     . . .     Spirit   +   k - +3 leather armour "Izuilol" {rPois rF+}
rPois    +         Reflect  .   (helmet restricted)
rElec    .         Harm     .   f - +0 cloak
rCorr    .         Rampage  .   (no gloves)
Will     .....     Rnd*Rage +   (boots unavailable)
Stlth    +.........             j - amulet of guardian spirit
HPRegen  0.21/turn              h - ring of wizardry
MPRegen  0.15/turn              n - +4 ring of protection

@: brilliant, studying 2 skills
A: talons 3, demonic guardian 1, sturdy frame 1, horns 2, berserk 1, cold
resistance 1, wild magic 1, evolution 1, no potion heal 1
a: Renounce Religion, Depart the Abyss, Bend Space, Banish, Corrupt


You were on level 8 of the Dungeon.
You worshipped Lugonu.
Lugonu was greatly pleased with you.
You visited 1 branch of the dungeon, and saw 8 of its levels.
You visited the Abyss 1 time.

You collected 259 gold pieces.

Inventory:

Hand Weapons
 a - a +2 falchion (weapon)
Armour
 f - a +0 cloak (worn)
 k - the +3 leather armour "Izuilol" (worn) {rPois rF+}
   (You found it on level 4 of the Dungeon)

   It protects you from fire.
   It protects you from poison.
Jewellery
 e - an amulet of reflection
 h - a ring of wizardry (left hand)
 j - an amulet of guardian spirit (around neck)
 n - a +4 ring of protection (right hand)
 p - a ring of protection from cold
 t - a ring of ice
 w - a ring of wizardry
Wands
 b - a wand of flame (18)
 d - a wand of iceblast (1)
 u - a wand of digging (5)
Scrolls
 c - a scroll of teleportation
 g - 3 scrolls of magic mapping
 m - 2 scrolls of amnesia
Potions
 i - a potion of invisibility
 l - a potion of cancellation
 o - 2 potions of brilliance
 q - 3 potions of degeneration
 r - 2 potions of curing {unknown}
 s - a potion of heal wounds {unknown}


   Skills:
 + Level 6.8 Fighting
 * Level 8.3 Long Blades
 - Level 1.7 Armour
 - Level 3.0 Dodging
 + Level 11.4 Invocations


You had 8 spell levels left.
You didn't know any spells.
Your spell library contained the following spells:

 Spells                   Type           Power      Damage    Failure   Level
 Magic Dart               Conj           0%         1d3       19%         1
 Sting                    Tmut/Pois      0%         1d3       19%         1
 Blink                    Tloc           N/A        N/A       26%         2
 Call Imp                 Summ           0%         N/A       26%         2
 Poisonous Vapours        Pois/Air       0%         N/A       26%         2
 Searing Ray              Conj           0%         3d3       26%         2
 Slow                     Hex            0%         N/A       26%         2
 Conjure Flame            Conj/Fire      0%         6-21      45%         3
 Dazzling Flash           Conj/Hex       0%         N/A       45%         3
 Ignite Poison            Fire/Tmut/Pois 0%         N/A       45%         3
 Mephitic Cloud           Conj/Pois/Air  0%         N/A       45%         3
 Fulminant Prism          Conj/Hex       0%         3d6       82%         4
 Iskenderun's Mystic Bla  Conj/Tloc      0%         2d3       82%         4
 Olgreb's Toxic Radiance  Pois           0%         N/A       82%         4


Dungeon Overview and Level Annotations

Branches:
Dungeon (8/15)             Temple (0/1) D:7
   Lair: D:8-11

Altars:
Fedhas
Gozag
Uskayaw

Annotations:
D:3 3 runed translucent doors, Cralpanu's ghost, amateur FoFi


Innate Abilities, Weirdness & Mutations

You have claws for feet.
A weak demonic guardian rushes to your aid.
Your movements are slightly less encumbered by armour. (ER -2)
You have a pair of horns on your head.
You tend to lose your temper in combat.
Your flesh is cold resistant. (rC+)
Your spells are a little harder to cast, but a little more powerful.
You evolve.
Potions are less effective at restoring your health.


Message History

You barely miss the bullfrog. Your kick misses the bullfrog.
The bullfrog is heavily wounded.
The orc barely misses you.
The bullfrog hits you but does no damage.
The wyvern bites you!
You closely miss the bullfrog. Your headbutt misses the bullfrog.
The bullfrog is heavily wounded.
The bullfrog hits you but does no damage.
The wyvern completely misses you.
You riposte.
You hit the wyvern but do no damage. You claw the wyvern.
The wyvern is moderately wounded.
The orc closely misses you.
You hit the bullfrog.
The bullfrog is almost dead.
The bullfrog closely misses you.
The wyvern hisses menacingly.
The wyvern bites you! The orc hits you with a +0 whip.
The orc warrior hits you from afar with a +0 halberd!
The bullfrog hits you!
* * * LOW HITPOINT WARNING * * *
The wyvern bites you!!
* * * LOW HITPOINT WARNING * * *
A demonic guardian appears!
You are too injured to fight recklessly!
You are too injured to fight recklessly!
You are too injured to fight recklessly!
Okay, then.
It was a potion of brilliance.
You feel clever all of a sudden.
An orc comes into view. It is wielding a +0 falchion.
The bullfrog hits you but does no damage.
The orc closely misses you. The wyvern misses you.
The orc warrior barely misses you.
Your white imp completely misses the bullfrog.
It was a potion of degeneration.
There was something very wrong with that liquid.
You feel weakened.
You feel dopey.
You feel clumsy.
The bullfrog hits you but does no damage.
The wyvern bites you.
You die...

######'#....#....
#............#
#............+
#............#
#.............
#............##
##............
#...........##
#....@......#
#.....oFl.....#
#.....5o.o....#
#.............#
###...........#
.............#
###...........#
#########..o#


You could see an orc warrior, a wyvern, a bullfrog (ally target), 3 orcs and a
friendly white imp (summoned).

Vanquished Creatures
  A hornet (D:7)
  A steam dragon (D:6)
  A water moccasin (D:7)
  3 sky beasts
  An orc warrior (D:7)
  A black bear (D:5)
  An ice beast (D:6)
  2 centaurs
  An ogre (D:5)
  A kobold brigand (D:7)
  5 scorpions
  2 killer bees (D:5)
  A centaur zombie (D:6)
  2 jellies
  5 hounds
  A gnoll shaman (D:6)
  8 orc priests
  A bullfrog skeleton (D:5)
  2 centaur skeletons (D:6)
  An iguana (D:5)
  4 orc wizards
  A howler monkey skeleton (D:5)
  5 gnolls (D:6)
  8 adders
  A shadow imp (D:6)
  An ufetubus (D:5)
  2 worms (D:2)
  A dart slug (D:2)
  24 orcs
  10 ball pythons
  5 bats
  5 endoplasms
  7 hobgoblins
  13 jackals
  15 kobolds
  5 quokkas
  3 frilled lizards
  10 goblins
  8 rats
169 creatures vanquished.

Vanquished Creatures (collateral kills)
  An iguana (D:4)
  3 adders
  3 orcs
  A jackal (D:4)
8 creatures vanquished.

Grand Total: 177 creatures vanquished

Notes
Turn   | Place    | Note
-------+----------+-------------------------------------------
     0 | Abyss:1  | kae the Demonspawn Abyssal Knight began the quest for the
                  | Orb.
     0 | Abyss:1  | Reached XP level 1. HP: 18/18 MP: 2/2
    15 | Abyss:1  | Found a corrupted altar of Lugonu.
    33 | Abyss:1  | Gained mutation: You tend to lose your temper in combat.
                  | [potion of mutation]
    33 | Abyss:1  | Gained mutation: You evolve. [potion of mutation]
    33 | Abyss:1  | Gained mutation: You have a pair of small horns on your
                  | head. [potion of mutation]
    33 | Abyss:1  | Gained mutation: Your flesh is cold resistant. (rC+)
                  | [potion of mutation]
    36 | Abyss:1  | Noticed an apocalypse crab
    43 | D:1      | Escaped the Abyss
    66 | D:1      | Found a faded altar of an unknown god.
   376 | D:1      | Gained mutation: Your movements are slightly less
                  | encumbered by armour. (ER -2) [demonic ancestry]
   376 | D:1      | Reached XP level 2. HP: 24/24 MP: 4/4
   738 | D:1      | Reached ** piety under Lugonu
   769 | D:1      | Reached skill level 3 in Invocations
  1090 | D:1      | Identified a scroll of acquirement
  1090 | D:1      | Acquired a manual of Invocations
  1228 | D:2      | Reached XP level 3. HP: 29/29 MP: 5/5
  1892 | D:2      | Gained mutation: A weak demonic guardian rushes to your
                  | aid. [demonic ancestry]
  1892 | D:2      | Reached XP level 4. HP: 35/35 MP: 6/6
  1921 | D:2      | Reached skill level 4 in Invocations
  2814 | D:3      | Reached *** piety under Lugonu
  3263 | D:3      | Found a runed translucent gate.
  3263 | D:3      | Found a runed translucent gate.
  3263 | D:3      | Found a runed translucent gate.
  3263 | D:3      | Noticed Cralpanu's ghost (amateur FoFi)
  3377 | D:3      | Found a hide-covered altar of Uskayaw.
  3740 | D:3      | Gained mutation: You have sharp toenails. [demonic
                  | ancestry]
  3740 | D:3      | Reached XP level 5. HP: 23/42 MP: 8/8
  3749 | D:3      | Reached skill level 5 in Invocations
  3751 | D:3      | HP: 2/42 [poisoned by an orc wizard]
  3936 | D:3      | Gained mutation: You have a pair of horns on your head.
                  | [evolution]
  4821 | D:4      | Gained mutation: Potions are less effective at restoring
                  | your health. [evolution]
  4857 | D:4      | Gained mutation: You have razor-sharp toenails. [demonic
                  | ancestry]
  4857 | D:4      | Reached XP level 6. HP: 19/48 MP: 10/10
  5134 | D:4      | Identified the +3 leather armour "Izuilol" {rPois rF+}
  5146 | D:4      | Reached skill level 6 in Invocations
  5828 | D:4      | Reached skill level 1 in Dodging
  5927 | D:4      | Reached skill level 5 in Long Blades
  5927 | D:4      | Reached XP level 7. HP: 52/55 MP: 12/12
  6132 | D:5      | Entered Level 5 of the Dungeon
  6148 | D:5      | Reached skill level 7 in Invocations
  6309 | D:5      | Reached **** piety under Lugonu
  6327 | D:5      | Reached skill level 5 in Fighting
  6514 | D:5      | Reached skill level 8 in Invocations
  6619 | D:5      | Gained mutation: You have claws for feet. [demonic
                  | ancestry]
  6619 | D:5      | Reached XP level 8. HP: 48/62 MP: 14/14
  7086 | D:6      | Reached skill level 9 in Invocations
  7582 | D:6      | Reached skill level 10 in Invocations
  7736 | D:6      | Found a blossoming altar of Fedhas.
  7975 | D:7      | Noticed a hornet
  7980 | D:7      | Killed a hornet
  7981 | D:7      | Reached XP level 9. HP: 66/71 MP: 13/16
  8257 | D:7      | Reached skill level 11 in Invocations
  8382 | D:7      | Gained mutation: Your spells are a little harder to cast,
                  | but a little more powerful. [evolution]
  8515 | D:7      | Found an opulent altar of Gozag.
  8640 | D:7      | Found a staircase to the Ecumenical Temple.
  9332 | D:8      | HP: 1/71 [wyvern (16)]
  9334 | D:8      | Slain by a wyvern

Illustrated notes

Levels and vault maps discovered:
D:1:      wander_arrival_chamber, layout_loops_ring,
          ebering_ecumenical_altar_abandoned,
          hangedman_abyss_or_decor_lesser_grid, kennysheep_small_spiral
D:2:      layout_loops_corners, st_stairs_10, hangedman_decor_riveting,
          minmay_misc_feat_columns
D:3:      layout_loops_ring, nicolae_overflow_crystal_walls,
          ebering_ghost_rock_garden, kennysheep_generic_room_7
D:4:      layout_basic, minmay_misc_feat_more_columns
D:5:      layout_rooms, minmay_manual_mail
D:6:      layout_cave_pools, lemuel_coloured_pillars_altar
D:7:      layout_rooms, kennysheep_mini, temple_statues
D:8:      layout_basic, uniq_joseph

Skill      XL: |  1  2  3  4  5  6  7  8  9 |
---------------+----------------------------+-----
Long Blades    | 2 3 4 5 7 8 |  8.3
Invocations    | 3 4 5 6 8 10 11 | 11.4
Fighting       | 4 5 6 |  6.8
Dodging        | 1 3 |  3.0
Armour         | |  1.7

Action                   |  1- 3 |  4- 6 |  7- 9 || total
-------------------------+-------+-------+-------++-------
Melee: Falchion          |    87 |   180 |   219 ||   486
       Headbutt          |    21 |    30 |    46 ||    97
       Kick              |       |    31 |    92 ||   123
Evoke: Wand              |       |       |     7 ||     7
  Use: Potion            |     1 |     2 |     2 ||     5
       Scroll            |     3 |     9 |     2 ||    14
 Stab: Sleeping          |       |     2 |     1 ||     3
       Distracted        |       |       |     1 ||     1
Armor: Leather armour    |    20 |    43 |   115 ||   178
Dodge: Dodged            |    57 |    98 |   166 ||   321
Block: Other             |     1 |    56 |    12 ||    69
       Rpst.: Falchion   |    27 |    46 |    52 ||   125

Table legend: (Time is in decaauts)
 A = Elapsed time spent in this place.
 B = Non-inter-level travel time spent in this place.
 C = Inter-level travel time spent in this place.
 D = Time resting spent in this place.
 E = Time spent auto-exploring this place.
 F = Levels seen in this place.
 G = Mean time per level.
                   A        B        C        D        E       F      G
               +--------+--------+--------+--------+--------+-----+--------+
         Total |   9384 |   9131 |    253 |   1884 |   6099 |   9 | 1042.7 |
       Dungeon |   9341 |   9088 |    253 |   1884 |   6083 |   8 | 1167.6 |
         Abyss |     43 |     43 |      0 |      0 |     16 |   1 |   43.0 |
               +--------+--------+--------+--------+--------+-----+--------+

Top non-repeatable levels by time:
     D:2: 1986 daAuts
     D:3: 1588 daAuts
     D:4: 1540 daAuts
     D:7: 1130 daAuts
     D:1: 1076 daAuts
     D:6: 1060 daAuts
     D:5: 737 daAuts
     D:8: 220 daAuts
 Abyss:1: 43 daAuts
